[Event "Titled Tuesday Blitz July 18 Late 2023"]
[White "gordonzyxu"]
[Black "Urbina Perez, Juan Antonio"]
[BlackFideId "2217368"]
[WhiteElo "2064"]
[BlackElo "2514"]
[Result "0-1"]
[Round "1"]
[TimeControl "180+2"]
[Date "2023.07.18"]
[WhiteClock "0:00:00"]
[BlackClock "0:00:52"]
[Board "189"]

1. e4 c5 2. Nf3 d6 3. Bb5+ Bd7 4. Bxd7+ Nxd7 5. O-O Ngf6 6. Re1 e6 7. b3 Be7 8. Bb2 O-O 9. c4 e5 10. Nc3 Nb8 11. d3 Nc6 12. Nd5 Nd7 13. Bc1 Nb6 14. Nxe7+ Qxe7 15. Bg5 f6 16. Be3 Nd7 17. h3 f5 18. Nh2 h6 19. f4 fxe4 20. fxe5 Ndxe5 21. dxe4 Rf7 22. Rf1 Raf8 23. Rxf7 Qxf7 24. Qe2 Qg6 25. Bd2 Nd4 26. Qd1 Qxe4 27. Qe1 Qg6 28. Qd1 Qg3 29. Nf1 Nef3+ 30. Kh1 Qf2 31. Be3 Qh4 0-1


[Site "https://www.chess.com"]

[Event "Titled Tuesday Blitz July 18 Late 2023"]
[White "Hnydiuk, Aleksander"]
[Black "Winkels, Marcel"]
[WhiteFideId "1109057"]
[BlackFideId "1003887"]
[WhiteElo "2513"]
[BlackElo "2060"]
[Result "1-0"]
[Round "1"]
[TimeControl "180+2"]
[Date "2023.07.18"]
[WhiteClock "0:00:04"]
[BlackClock "0:01:18"]
[Board "190"]

1. e4 c5 2. Nf3 e6 3. d4 cxd4 4. Nxd4 Nc6 5. Nc3 Qc7 6. Be3 a6 7. Qd2 Nf6 8. f4 d6 9. O-O-O Be7 10. Be2 Nxd4 11. Qxd4 b5 12. e5 dxe5 13. fxe5 Nd7 14. Bf3 Bc5 15. Qd2 Bxe3 16. Qxe3 Rb8 17. Ne4 O-O 18. Nd6 Qc5 19. Rhe1 Qxe3+ 20. Rxe3 Nc5 21. Rc3 Na4 22. Rc7 a5 23. Be2 b4 24. Rd4 Nb6 25. Bh5 Nd5 26. Rxf7 Rxf7 27. Bxf7+ Kf8 28. Bh5 Bd7 29. Bf3 Bc6 30. Bxd5 Bxd5 31. Rf4+ Kg8 32. Rf7 Bxg2 33. Re7 Bd5 34. Kd2 Rf8 35. Ke3 h6 36. c3 bxc3 37. bxc3 Rf3+ 38. Kd4 Rf2 39. c4 Bc6 40. Rxe6 Bd7 41. Re7 Bg4 42. e6 Re2 43. Ne4 Bf3 44. Re8+ Kh7 45. Ng3 Bg4 46. Nxe2 Bxe2 47. e7 Bh5 48. Rd8 g5 49. e8=Q Bxe8 50. Rxe8 Kg7 51. Re6 Kf7 52. Rxh6 Kg7 53. Ra6 Kf7 54. Rxa5 Ke7 55. Rd5 Ke6 56. Re5+ Kf6 57. c5 g4 58. Re3 Kf5 59. Rg3 Kf4 60. c6 Kf5 61. c7 Ke6 62. c8=Q+ Ke7 63. Qc7+ Ke6 64. Qc6+ Kf5 65. Re3 Kf4 66. Qf6# 1-0


[Site "https://www.chess.com"]

[Event "Titled Tuesday Blitz July 18 Late 2023"]
[White "Djordjevic, Dejan N"]
[Black "Keleberda, Tymur"]
[WhiteFideId "913316"]
[BlackFideId "14174294"]
[WhiteElo "2056"]
[BlackElo "2512"]
[Result "1/2-1/2"]
[Round "1"]
[TimeControl "180+2"]
[Date "2023.07.18"]
[WhiteClock "0:00:09"]
[BlackClock "0:00:07"]
[Board "191"]

1. e4 g6 2. d4 d6 3. g3 Bg7 4. Bg2 Nf6 5. Ne2 Nc6 6. h3 e5 7. Be3 exd4 8. Nxd4 O-O 9. O-O Re8 10. Nc3 Bd7 11. Re1 Ne5 12. b3 Qc8 13. f4 Nc6 14. Kh2 a5 15. a4 Nb4 16. Bf2 Re7 17. Qd2 Qe8 18. Re2 Rd8 19. Rae1 Bc8 20. Ndb5 b6 21. Nd5 Nfxd5 22. exd5 Rxe2 23. Rxe2 Qd7 24. c4 Na6 25. Qe3 Nc5 26. Na7 Bb7 27. Bf3 Kf8 28. Nc6 Re8 29. Qxe8+ Qxe8 30. Rxe8+ Kxe8 31. Bd1 Kd7 32. Nd4 Ne4 33. Be3 f5 34. g4 fxg4 35. hxg4 Nc5 36. Bc2 Ke7 37. Kh3 Bc8 38. Kh4 Bf6+ 39. Kg3 Kf7 40. Nb5 Bd8 41. Bd4 h5 42. f5 h4+ 43. Kf4 gxf5 44. gxf5 Bd7 45. Nc3 Bf6 46. Ne2 Bxd4 47. Nxd4 h3 48. Nf3 Kf6 49. Kg4 Bc8 50. Kf4 Bd7 51. Kg4 Be8 52. Kxh3 Bh5 53. Kg3 Nd7 54. Nd4 Ke5 55. Nb5 Be2 56. Nxc7 Nc5 57. Nb5 Bd3 58. Bxd3 Nxd3 59. Kg4 Nc5 60. Kg5 Ne4+ 61. Kg6 Nf6 62. Nxd6 Nd7 63. Nc8 Kd4 64. f6 Kc3 65. f7 Kxb3 66. Nxb6 Nxb6 67. f8=Q Kxc4 68. Qd6 Nxd5 69. Qc6+ Kb4 70. Qb5+ Ka3 71. Qc5+ Nb4 72. Qxa5 Kb3 73. Qb5 Kc3 74. a5 Nd3 75. Qd5 Nf4+ 76. Kf5 Nxd5 77. a6 Nb6 78. Ke6 Kb4 79. Kd6 Kb5 80. a7 Ka6 81. a8=Q+ Nxa8 1/2-1/2


[Site "https://www.chess.com"]

[Event "Titled Tuesday Blitz July 18 Late 2023"]
[White "Erzhanov, Arman"]
[Black "ilya2700"]
[WhiteFideId "4138821"]
[WhiteElo "2510"]
[BlackElo "2054"]
[Result "1-0"]
[Round "1"]
[TimeControl "180+2"]
[Date "2023.07.18"]
[WhiteClock "0:01:16"]
[BlackClock "0:00:42"]
[Board "192"]

1. e4 c5 2. Nf3 e6 3. b3 Nc6 4. Bb5 d5 5. Bxc6+ bxc6 6. e5 Ne7 7. d3 g6 8. h4 h5 9. c4 Bg7 10. Qe2 O-O 11. Bb2 Qc7 12. O-O Nf5 13. Re1 a5 14. Nc3 Qe7 15. g3 Ba6 16. Na4 d4 17. Ba3 Rfe8 18. Bxc5 Qc7 19. Nxd4 Rab8 20. Nxf5 exf5 21. d4 Qd7 22. f4 Re6 23. Rad1 Rbe8 24. Qf3 f6 25. d5 cxd5 26. cxd5 fxe5 27. dxe6 Qxe6 28. fxe5 Bxe5 29. Rd6 Qc8 30. Rxg6+ Kf7 31. Qxh5 1-0


[Site "https://www.chess.com"]

[Event "Titled Tuesday Blitz July 18 Late 2023"]
[White "Joubert, Dantelle"]
[Black "Richter, Paul"]
[WhiteFideId "14310813"]
[BlackFideId "2046350"]
[WhiteElo "2053"]
[BlackElo "2510"]
[Result "0-1"]
[Round "1"]
[TimeControl "180+2"]
[Date "2023.07.18"]
[WhiteClock "0:00:43"]
[BlackClock "0:01:50"]
[Board "193"]

1. e4 c5 2. c3 g6 3. d4 cxd4 4. cxd4 d5 5. e5 Nc6 6. Bb5 Nh6 7. Nf3 Bg7 8. O-O O-O 9. Nc3 Bg4 10. Bxc6 bxc6 11. h3 Bxf3 12. Qxf3 Nf5 13. Be3 f6 14. exf6 Bxf6 15. Qd1 Rb8 16. Qd2 Qb6 17. b3 Bxd4 18. Na4 Bxe3 19. Nxb6 Bxd2 20. Nd7 Bb4 21. Nxf8 Rxf8 22. a3 Bd6 23. b4 a6 24. Rac1 Nd4 25. Rfe1 e5 26. f3 Kf7 27. Rc3 Ra8 28. Rb1 Ne2+ 0-1


[Site "https://www.chess.com"]

[Event "Titled Tuesday Blitz July 18 Late 2023"]
[White "Guliev, Logman"]
[Black "Piekarski, Atila Balzer"]
[WhiteFideId "13400061"]
[BlackFideId "2119552"]
[WhiteElo "2510"]
[BlackElo "2047"]
[Result "1-0"]
[Round "1"]
[TimeControl "180+2"]
[Date "2023.07.18"]
[WhiteClock "0:00:27"]
[BlackClock "0:00:06"]
[Board "194"]

1. e4 c5 2. Nf3 d6 3. Nc3 Nf6 4. d4 cxd4 5. Nxd4 a6 6. f4 e5 7. Nf3 Be7 8. Bd3 Qc7 9. O-O Be6 10. Kh1 Nbd7 11. Qe2 b5 12. f5 Bc4 13. Bg5 Rc8 14. Rad1 b4 15. Nd5 Nxd5 16. exd5 Bxd5 17. Bxe7 Kxe7 18. Bxa6 Bxf3 19. Qxf3 Ra8 20. Bb5 Nf6 21. Qb3 Qa5 22. Bc4 Rhf8 23. Qg3 Qc5 24. Bb3 Ne4 25. Qh4+ Nf6 26. Rd5 Qc6 27. Rfd1 Rad8 28. R5d2 h6 29. Qxb4 Rd7 30. Ba4 Rb7 31. Qa3 Rd8 32. Bxc6 1-0


[Site "https://www.chess.com"]

[Event "Titled Tuesday Blitz July 18 Late 2023"]
[White "Curtis, John"]
[Black "Luo, Terry"]
[WhiteFideId "3200256"]
[BlackFideId "30931045"]
[WhiteElo "2038"]
[BlackElo "2509"]
[Result "0-1"]
[Round "1"]
[TimeControl "180+2"]
[Date "2023.07.18"]
[WhiteClock "0:00:54"]
[BlackClock "0:02:04"]
[Board "195"]

1. d4 Nf6 2. Nf3 g6 3. g3 Bg7 4. Bg2 O-O 5. O-O d6 6. c4 c5 7. Nc3 Nc6 8. h3 cxd4 9. Nxd4 Nxd4 10. Qxd4 Be6 11. Qd3 Qc8 12. b3 Bxh3 13. Bg5 Bxg2 14. Kxg2 h6 15. Bxf6 Bxf6 16. Nd5 Qc6 17. f3 Kg7 18. Nxf6 exf6 19. g4 Rad8 20. e4 Rfe8 21. Rh1 Qc5 22. Rad1 a6 23. Qd4 Qe5 24. Qd2 Qg5 25. Qxg5 fxg5 26. Rd5 Re5 27. Rhd1 Rxd5 28. Rxd5 Kf6 29. a4 Ke6 30. Kf2 f6 31. Ke3 h5 32. b4 h4 33. Kf2 Rc8 34. c5 dxc5 35. bxc5 Rc6 36. Kg2 b6 37. cxb6 Rxb6 38. Ra5 Rb2+ 39. Kh3 Rf2 40. Rxa6+ Ke5 41. Ra8 Rxf3+ 42. Kg2 Rg3+ 43. Kf2 Rxg4 44. Re8+ Kf4 45. a5 h3 46. Rh8 Rg2+ 47. Kf1 g4 48. a6 Ra2 49. Rf8 f5 50. exf5 gxf5 51. Rh8 Rxa6 0-1


[Site "https://www.chess.com"]

[Event "Titled Tuesday Blitz July 18 Late 2023"]
[White "Poltorak, Sebastian"]
[Black "Burke, Paul"]
[WhiteFideId "1199498"]
[BlackFideId "2605767"]
[WhiteElo "2509"]
[BlackElo "1979"]
[Result "1-0"]
[Round "1"]
[TimeControl "180+2"]
[Date "2023.07.18"]
[WhiteClock "0:01:03"]
[BlackClock "0:00:00"]
[Board "196"]

1. e4 e5 2. f4 Bc5 3. Nf3 d6 4. Bc4 Nc6 5. d3 Nf6 6. c3 O-O 7. Qe2 Bg4 8. Be3 exf4 9. Bxf4 Ne5 10. Bb3 Bxf3 11. gxf3 Nh5 12. Bg3 Ng6 13. d4 Bb6 14. Qe3 Qf6 15. Nd2 Ngf4 16. O-O-O c5 17. e5 dxe5 18. dxe5 Qh6 19. Qe4 Ne6 20. Kb1 Qg6 21. Rhg1 Qxe4+ 22. Nxe4 Nhf4 23. Bxe6 Nxe6 24. f4 c4 25. Rge1 Nc5 26. Nxc5 Bxc5 27. f5 b5 28. Rd5 Rac8 29. Kc2 a6 30. Rd7 h6 31. Re2 Rfd8 32. Red2 Rxd7 33. Rxd7 Rc6 34. Kd2 Bb6 35. Ke2 Rc7 36. Rd6 Rb7 37. Kf3 a5 38. Ke4 b4 39. Kd5 bxc3 40. bxc3 1-0


[Site "https://www.chess.com"]

[Event "Titled Tuesday Blitz July 18 Late 2023"]
[White "Sainz Aguirre, Ignacio"]
[Black "Mattheii"]
[WhiteFideId "5101727"]
[WhiteElo "1970"]
[BlackElo "2509"]
[Result "0-1"]
[Round "1"]
[TimeControl "180+2"]
[Date "2023.07.18"]
[WhiteClock "0:00:20"]
[BlackClock "0:01:00"]
[Board "197"]

1. e4 c5 2. Nf3 d6 3. Bb5+ Bd7 4. Bxd7+ Nxd7 5. O-O Ngf6 6. Re1 e6 7. c3 Be7 8. d4 O-O 9. e5 Ne8 10. Bf4 cxd4 11. cxd4 dxe5 12. dxe5 Nc7 13. Nc3 Nb6 14. Qb3 Ncd5 15. Rad1 Qd7 16. Nxd5 Nxd5 17. Bg3 Rfd8 18. h4 h6 19. h5 Rac8 20. Rc1 Rxc1 21. Rxc1 Rc8 22. Rd1 Qc6 23. Nd4 Qb6 24. Qxb6 Nxb6 25. Nb5 Nd5 26. Rd2 a6 27. Nd6 Rc1+ 28. Kh2 b5 29. f4 Ne3 30. a3 Nf1+ 0-1


[Site "https://www.chess.com"]

[Event "Titled Tuesday Blitz July 18 Late 2023"]
[White "Barski, Radoslaw"]
[Black "Dmitriev, Sergey"]
[WhiteFideId "1131710"]
[BlackFideId "14101785"]
[WhiteElo "2508"]
[BlackElo "1962"]
[Result "1-0"]
[Round "1"]
[TimeControl "180+2"]
[Date "2023.07.18"]
[WhiteClock "0:00:56"]
[BlackClock "0:01:02"]
[Board "198"]

1. d4 d6 2. e4 g6 3. Nc3 Bg7 4. Be3 Nf6 5. Nf3 O-O 6. Qd2 Nc6 7. O-O-O Bg4 8. Be2 Bxf3 9. Bxf3 e5 10. d5 Ne7 11. Be2 Nd7 12. g4 b6 13. h4 f5 14. exf5 gxf5 15. Bg5 f4 16. Ne4 h6 17. Bxe7 Qxe7 18. g5 Nc5 19. Bf3 Kh8 20. Rdg1 a5 21. Qe2 Rg8 22. Nxc5 bxc5 23. Be4 Raf8 24. Qh5 Qf7 25. Qg4 h5 26. Qf3 Re8 27. g6 1-0


[Site "https://www.chess.com"]

[Event "Titled Tuesday Blitz July 18 Late 2023"]
[White "Lutz, Igor Oscar"]
[Black "Haszon, David"]
[WhiteFideId "2110806"]
[BlackFideId "733610"]
[WhiteElo "1948"]
[BlackElo "2508"]
[Result "0-1"]
[Round "1"]
[TimeControl "180+2"]
[Date "2023.07.18"]
[WhiteClock "0:00:50"]
[BlackClock "0:02:40"]
[Board "199"]

1. d4 Nf6 2. c4 e6 3. g3 d5 4. Nd2 Be7 5. Bg2 O-O 6. Ngf3 c6 7. O-O Nbd7 8. Qc2 a5 9. e4 dxe4 10. Nxe4 Nxe4 11. Qxe4 Nf6 12. Qc2 c5 13. Rd1 cxd4 14. Nxd4 Qc7 15. Nb5 Qb8 16. Bf4 e5 17. Be3 Be6 18. Bb6 Rc8 19. b3 e4 20. Be3 Qe5 21. Bf4 Qxb5 22. Qxe4 Nxe4 23. cxb5 Nc5 24. Bd6 Bxd6 25. Rxd6 Rd8 26. Rad1 Rxd6 27. Rxd6 g6 28. Rb6 Rd8 29. Bxb7 Nxb7 30. Rxb7 Rd1+ 0-1


[Site "https://www.chess.com"]

[Event "Titled Tuesday Blitz July 18 Late 2023"]
[White "Khandelwal, Ankush"]
[Black "Navyblue1"]
[WhiteFideId "413470"]
[WhiteElo "2507"]
[BlackElo "1861"]
[Result "1-0"]
[Round "1"]
[TimeControl "180+2"]
[Date "2023.07.18"]
[WhiteClock "0:01:29"]
[BlackClock "0:00:16"]
[Board "200"]

1. e4 c5 2. Nf3 d6 3. d4 cxd4 4. Nxd4 Nf6 5. Nc3 a6 6. Bg5 Nbd7 7. Bc4 Qb6 8. Bb3 e6 9. Qd2 Be7 10. O-O-O O-O 11. g4 Nc5 12. Bxf6 Bxf6 13. g5 Nxb3+ 14. Nxb3 Bxc3 15. Qxc3 Qxf2 16. Rxd6 Qf4+ 17. Qd2 Qxe4 18. Rd1 e5 19. Rd8 Qd4 20. Rxf8+ Kxf8 21. Nxd4 1-0


[Site "https://www.chess.com"]

[Event "Titled Tuesday Blitz July 18 Late 2023"]
[White "Nakamura, Hikaru"]
[Black "Sipila, Vilka"]
[WhiteFideId "2016192"]
[BlackFideId "505455"]
[WhiteElo "3249"]
[BlackElo "2603"]
[Result "1-0"]
[Round "2"]
[TimeControl "180+2"]
[Date "2023.07.18"]
[WhiteClock "0:01:34"]
[BlackClock "0:00:10"]
[Board "1"]

1. a3 a6 2. e4 e5 3. Bc4 Nf6 4. d3 c6 5. Nf3 d5 6. Ba2 Bd6 7. Nc3 d4 8. Ne2 O-O 9. Ng3 Be6 10. O-O Bxa2 11. Rxa2 Re8 12. Nh4 g6 13. Bg5 Nbd7 14. c3 Qb6 15. cxd4 exd4 16. f4 Bf8 17. h3 h6 18. Bxf6 Nxf6 19. Qd2 a5 20. Rf2 a4 21. Ra1 Ra5 22. Raf1 Rb5 23. Nf3 Rb3 24. e5 Nd5 25. f5 Ne3 26. e6 Nxf1 27. exf7+ Kxf7 28. fxg6+ Kxg6 29. Qf4 Qd8 30. Ne5+ Kh7 31. Qf5+ 1-0


[Site "https://www.chess.com"]

[Event "Titled Tuesday Blitz July 18 Late 2023"]
[White "Firouzja, Alireza"]
[Black "Vaibhav Jayant Raut"]
[WhiteFideId "12573981"]
[BlackFideId "5089034"]
[WhiteElo "3128"]
[BlackElo "2600"]
[Result "1-0"]
[Round "2"]
[TimeControl "180+2"]
[Date "2023.07.18"]
[WhiteClock "0:01:30"]
[BlackClock "0:01:15"]
[Board "2"]

1. d4 Nf6 2. Nc3 d5 3. Bf4 e6 4. Nb5 Na6 5. e3 c6 6. Nc3 Bd6 7. Bxd6 Qxd6 8. Nf3 O-O 9. Bxa6 bxa6 10. Na4 Nd7 11. O-O c5 12. c3 c4 13. b4 Nb6 14. Nc5 a5 15. a3 Nd7 16. Qa4 Nxc5 17. bxc5 Qc7 18. Ne5 Rb8 19. Rab1 Bb7 20. Qd7 Rfc8 21. Qxc7 Rxc7 22. c6 f6 23. Nd7 Rd8 24. cxb7 1-0


[Site "https://www.chess.com"]

[Event "Titled Tuesday Blitz July 18 Late 2023"]
[White "Geivondian, Arman"]
[Black "Nihal Sarin"]
[WhiteFideId "24102032"]
[BlackFideId "25092340"]
[WhiteElo "2588"]
[BlackElo "3059"]
[Result "0-1"]
[Round "2"]
[TimeControl "180+2"]
[Date "2023.07.18"]
[WhiteClock "0:02:13"]
[BlackClock "0:02:39"]
[Board "3"]

1. e4 a6 2. d4 c6 3. c4 d5 4. cxd5 cxd5 5. exd5 Nf6 6. Nc3 Nxd5 7. Nf3 Nc6 8. Bc4 Be6 9. Qe2 Nxc3 10. bxc3 Bxc4 11. Qxc4 e6 12. O-O Be7 13. Rb1 Qd7 14. Qb3 b5 15. Bf4 O-O 16. Ne5 Nxe5 17. Bxe5 Rfc8 18. Rfc1 Rc4 19. Rc2 Rac8 20. Rbc1 Bg5 21. Rd1 b4 22. Rd3 Qc6 23. Rg3 f6 24. h4 Bxh4 25. Rg4 fxe5 26. Rxh4 exd4 27. Qb1 d3 28. Rxc4 dxc2 0-1


[Site "https://www.chess.com"]

[Event "Titled Tuesday Blitz July 18 Late 2023"]
[White "Mamedov, Rauf"]
[Black "Rodchenkov, Sergey D."]
[WhiteFideId "13401653"]
[BlackFideId "4168712"]
[WhiteElo "3048"]
[BlackElo "2588"]
[Result "1-0"]
[Round "2"]
[TimeControl "180+2"]
[Date "2023.07.18"]
[WhiteClock "0:02:26"]
[BlackClock "0:02:11"]
[Board "4"]

1. e4 c5 2. Nf3 d6 3. Nc3 Nf6 4. e5 dxe5 5. Nxe5 a6 6. g3 Qd6 7. Nf3 Nc6 8. Bg2 Qe6+ 9. Kf1 g6 10. d3 Bg7 11. h3 O-O 12. Kg1 b6 13. Kh2 Bb7 14. Re1 Qd7 15. Na4 Qd8 16. Nc3 Rc8 17. Kg1 Qd7 18. Na4 Qd8 19. Nc3 Qd7 20. Bf4 Nd4 21. Ne5 Qc7 22. Nxg6 1-0


[Site "https://www.chess.com"]

[Event "Titled Tuesday Blitz July 18 Late 2023"]
[White "Lizak, Peter"]
[Black "Martinez Alcantara, Jose Eduardo"]
[WhiteFideId "731595"]
[BlackFideId "3805662"]
[WhiteElo "2587"]
[BlackElo "3047"]
[Result "0-1"]
[Round "2"]
[TimeControl "180+2"]
[Date "2023.07.18"]
[WhiteClock "0:00:11"]
[BlackClock "0:00:27"]
[Board "5"]

1. d4 Nf6 2. Nc3 d5 3. Bf4 a6 4. e3 e6 5. g4 Bb4 6. f3 c5 7. a3 Bxc3+ 8. bxc3 Nc6 9. h4 Qe7 10. Kf2 O-O 11. h5 Nd7 12. h6 g6 13. Nh3 f6 14. g5 f5 15. c4 Nb6 16. cxd5 Nxd5 17. Bc4 Rd8 18. Bxd5 Rxd5 19. c4 Rd8 20. d5 e5 21. Bh2 Nb8 22. Qb3 Nd7 23. Qb2 b5 24. Rad1 Rb8 25. d6 Qe6 26. Nf4 Qf7 27. Nd5 bxc4 28. Qc3 Qe6 29. Nc7 Qf7 30. Nd5 Re8 31. Qxc4 Rb2+ 32. Kf1 Kf8 33. Qc3 Rb1 34. Rxb1 Qxd5 35. Kf2 Bb7 36. e4 fxe4 37. Rhd1 Qc6 38. Bxe5 Rxe5 39. Qb3 e3+ 40. Ke1 Qxf3 41. Rb2 Qg3+ 0-1


[Site "https://www.chess.com"]

[Event "Titled Tuesday Blitz July 18 Late 2023"]
[White "Tarhan, Adar"]
[Black "Paravyan, David"]
[WhiteFideId "34544712"]
[BlackFideId "4194985"]
[WhiteElo "2587"]
[BlackElo "3026"]
[Result "1/2-1/2"]
[Round "2"]
[TimeControl "180+2"]
[Date "2023.07.18"]
[WhiteClock "0:00:22"]
[BlackClock "0:00:33"]
[Board "6"]

1. d4 Nf6 2. c3 g6 3. Bg5 Bg7 4. Nd2 O-O 5. e4 h6 6. Bxf6 exf6 7. Bd3 d5 8. exd5 Qxd5 9. Qf3 Re8+ 10. Ne2 Qxf3 11. Nxf3 Bg4 12. Nd2 c5 13. dxc5 Nd7 14. f3 Nxc5 15. Bc4 Be6 16. Kf1 Rad8 17. Nd4 f5 18. Nxe6 Nxe6 19. Rd1 Nf4 20. g3 Nd5 21. Bxd5 Rxd5 22. Kf2 Red8 23. Ke2 Re5+ 24. Kf2 Red5 25. Ke2 Re8+ 26. Kf2 Ra5 27. a3 Rb5 28. b4 Bxc3 29. Nc4 Re6 30. Rd3 Bf6 31. Rb1 f4 32. g4 Bh4+ 33. Kg2 Re2+ 34. Kh3 Be7 35. Rbd1 h5 36. R1d2 hxg4+ 37. fxg4 Rxd2 38. Nxd2 Re5 39. Kg2 Re2+ 40. Kf3 Rxh2 41. Kxf4 a5 42. bxa5 Bxa3 43. Ne4 Bc1+ 44. Kg3 Ra2 45. Rd8+ Kg7 46. Rd7 Ra3+ 47. Kg2 Rxa5 48. Nd6 Ra2+ 49. Kf1 Ba3 50. Nxf7 b5 51. g5 b4 52. Ne5+ Kg8 53. Rd8+ Kg7 54. Rd7+ Kf8 55. Nxg6+ Kg8 56. Rb7 Rc2 57. Ne7+ Kf7 58. Nd5+ Kg6 59. Nxb4 Rb2 60. Rb6+ Kxg5 61. Nd5 Rd2 62. Ne3 Bf8 63. Rb5+ Kg6 64. Ke1 Ra2 65. Ng4 Be7 66. Ne5+ Kf6 67. Ng4+ Ke6 68. Re5+ Kd6 69. Re2 Ra4 70. Ne3 Bg5 71. Nf5+ Kd5 72. Ne3+ Ke4 73. Nd1+ Kf3 74. Rf2+ Kg4 75. Re2 Ra1 76. Rf2 Bh4 77. Ke2 Ra2+ 78. Ke3 Bxf2+ 79. Nxf2+ Kf5 80. Nd3 Ra4 81. Nc5 Rc4 82. Nd3 Re4+ 83. Kf3 Re8 84. Nf2 Ke5 85. Ke3 Kd5+ 86. Kd3 Re7 87. Nd1 Ra7 88. Ne3+ Kc5 89. Nc2 Rh7 90. Ne3 Rh4 91. Nf5 Rf4 92. Ne3 Rd4+ 93. Ke2 Rd7 94. Kf3 Kd4 95. Nf5+ Ke5 96. Ne3 Rd3 97. Ke2 Ke4 98. Nd1 Rg3 99. Nf2+ Kd4 100. Nd1 Ra3 101. Nf2 Re3+ 102. Kd2 Re6 103. Nd1 Ra6 104. Nc3 Rh6 105. Ne2+ Ke4 106. Nc3+ Ke5 107. Kd3 Rc6 108. Ne2 Rd6+ 109. Ke3 Rd8 110. Nf4 Ra8 111. Nd3+ Kd5 112. Nf4+ Kc4 113. Ke4 Re8+ 114. Kf3 Kd4 115. Ne2+ Ke5 116. Ke3 Ra8 117. Nf4 Ra3+ 118. Nd3+ Kd5 119. Kd2 Kc4 120. Nc1 Rh3 121. Ne2 Rf3 122. Ng1 Rd3+ 123. Ke2 Ra3 124. Nf3 Kd5 125. Nd2 Kd4 126. Nf3+ Ke4 127. Nd2+ Kf4 128. Nf1 Ra2+ 129. Nd2 1/2-1/2


[Site "https://www.chess.com"]

[Event "Titled Tuesday Blitz July 18 Late 2023"]
[White "Bortnyk, Olexandr"]
[Black "Fonseca Manrique, Enrique"]
[WhiteFideId "14120828"]
[BlackFideId "5114330"]
[WhiteElo "3022"]
[BlackElo "2585"]
[Result "1-0"]
[Round "2"]
[TimeControl "180+2"]
[Date "2023.07.18"]
[WhiteClock "0:02:22"]
[BlackClock "0:00:51"]
[Board "7"]

1. e4 c5 2. c3 d5 3. exd5 Qxd5 4. d4 Nf6 5. Be3 cxd4 6. cxd4 e6 7. Nc3 Bb4 8. Nf3 O-O 9. Bd3 Nc6 10. O-O Qd6 11. Ne4 Nxe4 12. Bxe4 g6 13. Rc1 Bd7 14. Qb3 Ba5 15. Qb5 Bc7 16. Qxb7 Rab8 17. Rxc6 Rxb7 18. Rxd6 Bxd6 19. Bxb7 Rb8 20. Ba6 Rxb2 21. Bc4 Bb5 22. Bxb5 Rxb5 23. Rc1 Kg7 24. g3 1-0


[Site "https://www.chess.com"]

[Event "Titled Tuesday Blitz July 18 Late 2023"]
[White "Ozates, Tuna"]
[Black "Bluebaum, Matthias"]
[WhiteFideId "6354521"]
[BlackFideId "24651516"]
[WhiteElo "2585"]
[BlackElo "3016"]
[Result "0-1"]
[Round "2"]
[TimeControl "180+2"]
[Date "2023.07.18"]
[WhiteClock "0:00:36"]
[BlackClock "0:01:52"]
[Board "8"]

1. e4 e6 2. d4 d5 3. exd5 exd5 4. Bd3 Nc6 5. c3 Bd6 6. Qf3 Nge7 7. h3 Be6 8. Bf4 Bxf4 9. Qxf4 Ng6 10. Qe3 Nh4 11. Kf1 Qf6 12. g3 Nf5 13. Qf3 h5 14. Nd2 O-O-O 15. Re1 g5 16. Kg2 g4 17. Qf4 Nh4+ 18. Kf1 Qxf4 19. gxf4 Bf5 20. Bxf5+ Nxf5 21. hxg4 hxg4 22. Rxh8 Rxh8 23. Kg2 Nce7 24. f3 Nh4+ 25. Kf2 g3+ 26. Kxg3 Nef5+ 27. Kf2 Rg8 0-1


[Site "https://www.chess.com"]

[Event "Titled Tuesday Blitz July 18 Late 2023"]
[White "Duda, Jan-Krzysztof"]
[Black "brm72"]
[WhiteFideId "1170546"]
[WhiteElo "3013"]
[BlackElo "2580"]
[Result "1/2-1/2"]
[Round "2"]
[TimeControl "180+2"]
[Date "2023.07.18"]
[WhiteClock "0:00:06"]
[BlackClock "0:00:12"]
[Board "9"]

1. e4 c6 2. Nc3 d5 3. f4 dxe4 4. Nxe4 Nf6 5. Nf2 c5 6. Nf3 Nc6 7. Bb5 Bd7 8. O-O a6 9. Bxc6 Bxc6 10. Ne5 Qc7 11. b3 e6 12. Bb2 Bd6 13. Qe2 O-O-O 14. c4 Kb8 15. a3 Nd7 16. Nxf7 Bxf4 17. Ng4 h5 18. Nxh8 hxg4 19. Ng6 Bxh2+ 20. Kh1 Ka8 21. Qxg4 Nf6 22. Bxf6 gxf6 23. Rxf6 Rxd2 24. Nh4 Bg3 25. Qg5 Bxh4 26. Rf8+ Rd8 27. Rxd8+ Qxd8 28. Qxd8+ Bxd8 29. Re1 Bf6 30. Rxe6 Bb2 31. a4 Kb8 32. Kh2 Kc7 33. g4 Kd7 34. Re2 Bf6 35. Kg3 b5 36. axb5 axb5 37. Kf4 bxc4 38. bxc4 Ba4 39. g5 Bd4 40. Ke4 Bd1 41. Rh2 Ke6 42. Rh6+ Kf7 43. Kd5 Bf3+ 44. Kd6 Be2 45. Kd5 Kg7 46. Re6 Bh5 47. Re7+ Kg6 48. Rc7 Bf3+ 49. Kd6 Kxg5 50. Rxc5+ Bxc5+ 51. Kxc5 Kf4 52. Kd6 Kf5 53. c5 Kf6 54. c6 Bxc6 1/2-1/2


[Site "https://www.chess.com"]

[Event "Titled Tuesday Blitz July 18 Late 2023"]
[White "Vovk, Orest"]
[Black "Makarian, Rudik"]
[WhiteFideId "14113490"]
[BlackFideId "44105681"]
[WhiteElo "2574"]
[BlackElo "3003"]
[Result "0-1"]
[Round "2"]
[TimeControl "180+2"]
[Date "2023.07.18"]
[WhiteClock "0:00:00"]
[BlackClock "0:00:58"]
[Board "10"]

1. g4 d5 2. h3 h5 3. g5 c6 4. e4 dxe4 5. Nc3 Bf5 6. Bg2 e6 7. Nxe4 Bxe4 8. Bxe4 Qxg5 9. d4 Qa5+ 10. c3 Nf6 11. Bc2 Nbd7 12. Nf3 Bd6 13. Rg1 g6 14. Rg5 Qc7 15. Qe2 Bf4 16. Bxf4 Qxf4 17. Qe3 Nd5 18. Qxf4 Nxf4 19. h4 Ke7 20. O-O-O a5 21. a4 Rhd8 22. Re1 Kf8 23. c4 Nf6 24. b3 Ng4 25. Rf1 Ne2+ 26. Kb2 Nxd4 27. Nxd4 Rxd4 28. Bxg6 fxg6 29. Rxg6 Kf7 30. Rg5 Nf6 31. f3 Rxh4 32. Ka3 b6 33. Rd1 Rg8 34. Rxg8 Nxg8 35. Rd6 Ne7 36. Rd4 Rh2 37. Rf4+ Nf5 38. Re4 h4 39. c5 bxc5 40. Re5 Rc2 41. Rxc5 Rxc5 0-1


[Site "https://www.chess.com"]

[Event "Titled Tuesday Blitz July 18 Late 2023"]
[White "Bartel, Michal"]
[Black "Andreikin, Dmitry"]
[WhiteFideId "1119257"]
[BlackFideId "4158814"]
[WhiteElo "2572"]
[BlackElo "2996"]
[Result "0-1"]
[Round "2"]
[TimeControl "180+2"]
[Date "2023.07.18"]
[WhiteClock "0:01:34"]
[BlackClock "0:01:53"]
[Board "11"]

1. e4 c5 2. Nf3 e6 3. d4 cxd4 4. Nxd4 Nc6 5. Nc3 Qc7 6. Nb3 a6 7. Bd3 b5 8. O-O Bb7 9. f4 h5 10. Qf3 Nf6 11. Bd2 Nb4 12. Rae1 Be7 13. Nd1 Nxc2 14. Ba5 Nxe1 15. Rxe1 Bc5+ 16. Kh1 Bb6 17. Bb4 a5 18. Bc3 b4 19. Be5 d6 20. Bxf6 gxf6 21. Ne3 Bxe3 22. Qxe3 Ke7 23. Nd4 Rac8 24. h3 Qc5 25. Rd1 Rhg8 26. Be2 f5 27. Bf3 Rg3 28. Qe1 h4 29. Nxf5+ exf5 30. exf5+ Kf8 31. Bxb7 Re8 32. Qd2 Kg7 33. Qxd6 Re1+ 34. Kh2 Qg1# 0-1


[Site "https://www.chess.com"]